 Dungeon Crawl Stone Soup version 0.21-a0-283-g622b906 (webtiles) character file.

57 nikopol the Shield-Bearer (level 3, -3/33 HPs)
             Began as a Minotaur Fighter on Sept 24, 2017.
             Killed from afar by Sigmund (6 damage)
             ... with a magic dart
             ... on level 2 of the Dungeon.
             The game lasted 00:01:43 (985 turns).

nikopol the Shield-Bearer (Minotaur Fighter)         Turns: 985, Time: 00:01:44

Health: -3/33      AC:  7    Str: 20    XL:     3   Next: 73%
Magic:  2/2        EV:  7    Int:  5    God:
Gold:   99         SH:  9    Dex: 10    Spells: 2/2 levels left

rFire    . . .     SeeInvis .   a - +0 war axe
rCold    . . .     Gourm    .   c - +0 shield
rNeg     . . .     Faith    .   b - +0 scale mail
rPois    .         Spirit   .   (helmet restricted)
rElec    .         Reflect  .   (no cloak)
rCorr    .         Harm     .   (no gloves)
MR       .....                  (no boots)
Stlth    ..........             (no amulet)
HPRegen  0.11/turn              (no ring)
MPRegen  0.08/turn              (no ring)

@: no status effects
A: retaliatory headbutt, horns 2
a: no special abilities


You were on level 2 of the Dungeon.
You were hungry.

You visited 1 branch of the dungeon, and saw 2 of its levels.

You collected 99 gold pieces.

Inventory:

Hand Weapons
 a - a +0 war axe (weapon)
Armour
 b - a +0 scale mail (worn)
 c - a +0 shield (worn)
Jewellery
 p - an uncursed amulet of harm {unknown}
Scrolls
 g - 2 scrolls of teleportation {unknown}
 i - 2 scrolls of amnesia {unknown}
 j - 5 scrolls of identify {unknown}
 k - a scroll of enchant armour {unknown}
 o - a scroll of remove curse {unknown}
Potions
 d - 2 potions of might
 e - a potion of agility {unknown}
 m - a potion of brilliance {unknown}
 n - a potion of curing {unknown}
Comestibles
 f - 2 bread rations
 h - a chunk of flesh
 l - a meat ration


   Skills:
 + Level 4.1 Fighting
 + Level 3.4 Axes
 + Level 3.9 Armour
 + Level 0.4 Dodging
 + Level 4.3 Shields


You had 2 spell levels left.
You didn't know any spells.

Dungeon Overview and Level Annotations

Branches:
Dungeon (2/15)

Altars:

Annotations:
D:2 Sigmund


Innate Abilities, Weirdness & Mutations

You reflexively headbutt those who attack you in melee.
You have a pair of horns on your head.


Message History

You hear some strange, mumbled words.
You are more confused.
Something hits you.
You closely miss something. Your headbutt misses something. Something hits you!
* * * LOW HITPOINT WARNING * * *
You closely miss something.
You hear some strange, mumbled words.
Something tries to affect you, but you resist.
You closely miss something. You headbutt something.
Something hits you but does no damage. Something hits you.
* * * LOW HITPOINT WARNING * * *
You feel less confused. You block something's attack.
You are feeling hungry.
You barely miss something.
You hear some strange, mumbled words.
A magic dart appears from out of thin air!
The magic dart hits you!
You die...

#####........#
####............#
.....###.######.#
#........######.#
................####
.........#.........######
.......%...###...........
........{..# ##.##.......
........@..# #.##..#####
...%>......# #.##..#
...........# #.##..#
###.###........##..#
.#.##.. ########. #.<#
...... #..# #####..##
#..# ###....(..# ....
.....<..#.


There were no monsters in sight!

Vanquished Creatures
  An adder (D:2)
  A worm (D:2)
  A dart slug (D:2)
  A leopard gecko (D:2)
  6 ball pythons (D:1)
  4 giant cockroaches
  2 goblins
  5 hobgoblins
  6 kobolds (D:1)
  8 bats
  3 frilled lizards
  2 rats (D:2)
40 creatures vanquished.

Notes
Turn   | Place    | Note
-------+----------+-------------------------------------------
     0 | D:1      | nikopol the Minotaur Fighter began the quest for the Orb.
     0 | D:1      | Reached XP level 1. HP: 19/19 MP: 0/0
   261 | D:1      | Reached XP level 2. HP: 27/27 MP: 1/1
   492 | D:1      | Reached XP level 3. HP: 33/33 MP: 2/2
   967 | D:2      | Noticed Sigmund
   985 | D:2      | Killed from afar by Sigmund

Vault maps used:
D:1:      lemuel_arrival_muddy, minmay_shallow_snake_nest
D:2:      first_bread, uniq_sigmund, uniq_crazy_yiuf_cottage

Skill      XL: |  1  2 |
---------------+-------+-----
Fighting       | 4 |  4.1
Shields        | 4 |  4.3
Axes           | 3 |  3.4
Armour         | |  3.9
Dodging        | |  0.4

Action                   || total
-------------------------++-------
Melee: War axe           ||   105
       Headbutt          ||    13
Armor: Scale mail        ||    50
Dodge: Dodged            ||    30
Block: Shield            ||    65

Table legend:
 A = Spawn XP
 B = Non-spawn XP
 C = Spawn XP percentage of total XP
 D = Spawn monster count
 E = Non-spawn monster count
 F = Spawn count percentage of total count
 G = Total turns spent on level
                    A         B        C        D         E        F      G
               +---------+---------+-------+---------+---------+-------+---------
         Total |       0 |      82 |   0.0 |       0 |      40 |   0.0 |   985
               +---------+---------+-------+---------+---------+-------+---------
           D:1 |       0 |      42 |   0.0 |       0 |      27 |   0.0 |   639
           D:2 |       0 |      40 |   0.0 |       0 |      13 |   0.0 |   346
               +---------+---------+-------+---------+---------+-------+---------
